 Dungeon Crawl Stone Soup version 0.25.0-9-g26727b657a (webtiles) character file.

Game seed: 13776917515166948970

5 mopl the Chopper (level 1, 0/16 HPs)
             Began as a Hill Orc Wanderer on June 17, 2020.
             Slain by a hobgoblin
             ... wielding a +0 club
              (6 damage)
             ... on level 1 of the Dungeon.
             The game lasted 00:00:44 (167 turns).

mopl the Chopper (Hill Orc Wanderer)                 Turns: 167, Time: 00:00:45

Health: 0/16       AC:  2    Str: 14    XL:     1   Next: 80%
Magic:  1/1        EV: 11    Int: 13    God:
Gold:   7          SH:  0    Dex:  9    Spells: 0/0 levels left

rFire    . . .     SeeInvis .   a - +0 hand axe
rCold    . . .     Gourm    .   (no shield)
rNeg     . . .     Faith    .   d - +0 robe
rPois    .         Spirit   .   (no helmet)
rElec    .         Reflect  .   (no cloak)
rCorr    .         Harm     .   (no gloves)
MR       .....                  (no boots)
Stlth    +.........             b - amulet of regeneration
HPRegen  0.45/turn              (no ring)
MPRegen  0.07/turn              (no ring)

@: no status effects
A: no striking features
a: no special abilities


You were on level 1 of the Dungeon.
You were not hungry.

You visited 1 branch of the dungeon, and saw 1 of its levels.

You collected 7 gold pieces.

Inventory:

Hand Weapons
 a - a +0 hand axe (weapon)
Armour
 d - a +0 robe (worn)
Jewellery
 b - an amulet of regeneration (around neck)
Scrolls
 c - 2 scrolls of teleportation
Potions
 e - a potion of resistance {unknown}
Comestibles
 f - a ration
 g - a chunk of flesh


   Skills:
 - Level 1.2 Fighting
 + Level 3.4 Axes
 - Level 1.0 Throwing
 - Level 2.1 Armour
   Level 1.1 Shields
   Level 2.0 Summonings
   Level 1.0 Earth Magic


You couldn't memorise any spells.
You knew the following spells:

 Your Spells              Type           Power        Failure   Level  Hunger
a - Magic Dart            Conj           #...         30%         1    ##.....

Your spell library contained the following spells:

 Spells                   Type           Power        Failure   Level  Hunger
 Call Imp                 Summ           #.......     21%         2    ###....
 Blink                    Tloc           N/A          43%         2    ###....
 Slow                     Hex            #.......     43%         2    ###....
 Conjure Flame            Conj/Fire      #.......     67%         3    ####...
 Mephitic Cloud           Conj/Pois/Air  #.......     67%         3    ####...


Dungeon Overview and Level Annotations

Branches:
Dungeon (1/15)

Altars:


Message History

You hit the frilled lizard.
The frilled lizard bites you but does no damage.
The gnoll hits you.
You hit the frilled lizard.
You kill the frilled lizard!
You hit the gnoll. The gnoll closely misses you.
You hit the gnoll but do no damage.
The gnoll is moderately wounded.
The gnoll barely misses you.
You completely miss the gnoll.
The gnoll is moderately wounded.
The gnoll barely misses you.
You hit the gnoll.
The gnoll is moderately wounded.
The gnoll hits you.
You hit the gnoll.
The gnoll is severely wounded.
You barely miss the hobgoblin. The gnoll hits you.
The hobgoblin hits you with a +0 club.
You die...

#.# .... ########## #.#
### .........####.##
##.............### #
...(...........#...# # #
##.#####.####..#.#.#.#.#
#...####.# #÷.#........
.........####..#†#......
#...##.#.##.....@gl.>...
##.##.###(#.....g#......
.....# #..............
.#.##.# #.#.....##......
.#.# .#.##.....# ......
.#.. .........# #.#.#
.## ..##.##.# .... . #.
#. #.# ## .


You could see a gnoll, a hobgoblin and a frilled lizard.

Vanquished Creatures
  A goblin (D:1)
  2 bats (D:1)
  2 frilled lizards (D:1)
  A kobold (D:1)
6 creatures vanquished.

Notes
Turn   | Place    | Note
-------+----------+-------------------------------------------
     0 | D:1      | mopl the Hill Orc Wanderer began the quest for the Orb.
     0 | D:1      | mopl set off with the following items: a +0 hand axe, a
                  | scroll of teleportation, a +0 robe, a ration; and the
                  | following spell memorised: Magic Dart; and the following
                  | spells available to memorise: Call Imp, Blink, Slow,
                  | Conjure Flame, Mephitic Cloud
     0 | D:1      | Reached XP level 1. HP: 16/16 MP: 1/1
    86 | D:1      | Reached skill level 3 in Axes
   167 | D:1      | Slain by a hobgoblin

Illustrated notes

Levels and vault maps discovered:
D:1:      mrwooster_arrival_statue, layout_loops_ring, columned_hall_lemuel,
          st_stairs_4, minmay_pentomino_q2

Skill      XL: |  1 |
---------------+----+-----
Axes           | 3 |  3.4
Fighting       | |  1.2
Throwing       | |  1.0
Armour         | |  2.1
Shields        | |  1.1
Summonings     | |  2.0
Earth Magic    | |  1.0

Action                   || total
-------------------------++-------
Melee: Hand axe          ||    37
Armor: Robe              ||    17
Dodge: Dodged            ||    24
